 Dungeon Crawl Stone Soup version 0.24-a0-498-ge00f04a389 (webtiles) character file.

Game seed: 577063083725907838

97 Gargoyl the Skirmisher (level 4, -1/40 HPs)
             Began as a Centaur Abyssal Knight on July 14, 2019.
             Was a Follower of Lugonu.
             Slain by an orc priest
             ... wielding a +0 hand axe
              (2 damage)
             ... on level 3 of the Dungeon.
             The game lasted 00:04:21 (3206 turns).

Gargoyl the Skirmisher (Centaur Abyssal Knight)     Turns: 3206, Time: 00:04:21

Health: -1/40      AC:  6    Str: 14    XL:     4   Next: 42%
Magic:  6/6        EV: 10    Int: 11    God:    Lugonu [*.....]
Gold:   135        SH:  0    Dex: 15    Spells: 3/3 levels left

rFire    . . .     SeeInvis .   a - +1 hand axe
rCold    . . .     Gourm    .   (no shield)
rNeg     . . .     Faith    .   d - +1 robe of Xashraepp {Dex+5}
rPois    .         Spirit   .   j - +0 helmet
rElec    .         Reflect  .   (no cloak)
rCorr    .         Harm     .   (no gloves)
MR       .....                  (no barding)
Stlth    +.........             (no amulet)
HPRegen  0.13/turn              (no ring)
MPRegen  0.10/turn              (no ring)

@: hasted, very quick
A: large, hooves 3, deformed body, speed 2, tough skin 3
a: Depart the Abyss, Renounce Religion


You were on level 3 of the Dungeon.
You worshipped Lugonu.
Lugonu was aware of your devotion.
You were hungry.

You visited 1 branch of the dungeon, and saw 4 of its levels.
You visited the Abyss 1 time.

You collected 135 gold pieces.

Inventory:

Hand Weapons
 a - a +1 hand axe (weapon)
Armour
 d - the +1 robe of Xashraepp (worn) {Dex+5}
   (You found it on level 3 of the Abyss)

   It affects your dexterity (+5).
 j - a +0 helmet (worn)
Wands
 e - a wand of flame (22)
Scrolls
 i - 3 scrolls of teleportation
Potions
 b - a potion of lignification
 f - a potion of magic
 g - a potion of ambrosia {unknown}
 h - 2 potions of haste
 n - a potion of heal wounds {unknown}
Comestibles
 c - 4 rations


   Skills:
 + Level 3.7 Fighting
 + Level 2.4 Axes
 * Level 1.7 Armour
 * Level 1.4 Dodging
 * Level 3.0 Invocations


You had 3 spell levels left.
You didn't know any spells.
Your spell library was empty.

Dungeon Overview and Level Annotations

Branches:
Dungeon (4/15)
 Temple: D:4-7

Altars:


Innate Abilities, Weirdness & Mutations

You have hooves in place of feet.
Armour fits poorly on your strangely shaped body.
You cover ground very quickly.
You have extremely tough skin. (AC +3)


Message History

The +1 robe of Xashraepp {Dex+5} unmelds from your body.
You start resting.
The frilled lizard is too close now for your liking.
Items here: ( )) [ ††† The frilled lizard hisses angrily.
You closely miss the frilled lizard. You kick the frilled lizard.
You kill the frilled lizard!
Lugonu accepts your kill.
You hit the orc priest but do no damage.
The orc priest invokes the aid of Beogh against you.
Beogh smites you!
* * * LOW HITPOINT WARNING * * *
You closely miss the orc priest.
The orc priest hits you but does no damage.
Unknown command.
It was a potion of magic.
Magic courses through your body.
The orc priest hits you but does no damage.
It was a potion of haste.
You feel yourself speed up.
The orc priest hits you with a +0 hand axe.
You die...

#.# # #.# #.#.# .#.####
..... # #..# ### #.
#<.# #....
#..####..###......
#(..()...o@....#
#.#####..#######
###<.####
#.......#######.#
#.##.#).#÷......#
#.##....#.#######
.!.........# ≈
##.##...>..########..≈.
#.........o..)lw....≈.


You could see an orc priest.

Vanquished Creatures
  3 adders
  3 worms
  3 dart slugs
  2 leopard geckos
  2 orcs (D:3)
  8 bats
  2 giant cockroaches
  5 goblins
  6 hobgoblins
  8 kobolds
  A ball python (D:3)
  4 frilled lizards
  8 rats
55 creatures vanquished.

Notes
Turn   | Place    | Note
-------+----------+-------------------------------------------
     0 | Abyss:1  | Gargoyl the Centaur Abyssal Knight began the quest for the
                  | Orb.
     0 | Abyss:1  | Reached XP level 1. HP: 19/19 MP: 2/2
    62 | Abyss:3  | Got a ripped robe
    73 | Abyss:3  | Identified the cursed +1 robe of Xashraepp {Dex+5} (You
                  | found it on level 3 of the Abyss)
    92 | Abyss:3  | Found a radiant altar of Vehumet.
   142 | Abyss:3  | Noticed a large abomination
   170 | Abyss:4  | Noticed a large abomination
   189 | Abyss:4  | Noticed a small abomination
   194 | Abyss:4  | Noticed a wretched star
   195 | D:1      | Escaped the Abyss
   657 | D:1      | Reached skill level 1 in Dodging
   717 | D:1      | Reached XP level 2. HP: 26/26 MP: 3/3
   742 | D:1      | Reached * piety under Lugonu
  1301 | D:2      | Reached XP level 3. HP: 24/31 MP: 4/4
  2185 | D:2      | You fall into a shaft and drop 2 floors!
  2198 | D:3      | Reached XP level 4. HP: 27/38 MP: 6/6
  3203 | D:3      | HP: 1/40 [orc priest/divine providence (14)]
  3206 | D:3      | Slain by an orc priest

Levels and vault maps discovered:
D:1:      dpeg_arrival_erosion, layout_rooms
D:2:      layout_loops_corners, first_ration
D:3:      cheibrodos_helix_gallery, layout_loops_ring,
          chequers_ecumenical_altar_simple, uniq_ijyb
D:4:      layout_loops_ring, serial_shops, shop

Skill      XL: |  1  2  3  4 |
---------------+-------------+-----
Dodging        | 1 |  1.4
Axes           | 2 |  2.4
Invocations    | 3 |  3.0
Fighting       | |  3.7
Armour         | |  1.7

Action                   |  1- 3 |  4- 6 || total
-------------------------+-------+-------++-------
Melee: Hand axe          |    96 |    51 ||   147
       Kick              |    19 |    11 ||    30
Invok: Depart the Abyss  |     1 |       ||     1
Evoke: Wand              |     3 |       ||     3
  Use: Scroll            |     3 |     3 ||     6
       Potion            |       |     3 ||     3
  Eat: Ration            |     1 |       ||     1
       Chunk             |       |     2 ||     2
Armor: Robe              |    54 |    13 ||    67
       Skin              |       |     9 ||     9
Dodge: Dodged            |    63 |    17 ||    80

Table legend:
 A = Non-vault XP
 B = Vault XP
 C = Vault XP percentage of total XP
 D = Non-vault monster count
 E = Vault monster count
 F = Vault count percentage of total count
                 A         B        C        D         E       F
            +---------+---------+-------+---------+---------+-------
      Total |     134 |       5 |   3.6 |      53 |       2 |   3.6
            +---------+---------+-------+---------+---------+-------
        D:1 |      38 |       0 |   0.0 |      22 |       0 |   0.0
        D:2 |      64 |       0 |   0.0 |      22 |       0 |   0.0
        D:3 |      32 |       5 |  13.5 |       9 |       2 |  18.2
            +---------+---------+-------+---------+---------+-------
